AoeStats
← Zyzz

Pilgrims

508280501Analyzed
2v2 RM · 9d ago on Sep 21, 2026· 23m 48s· 4 players
Game mode
Random Map
Map size
Medium (4 player)
Population
200
Speed
Normal
Resources
Standard
Victory
Conquest
Starting age
Dark Age
Ending age
Imperial Age
RankedLock teamsTeams togetherTeam positionsShared explorationLock speedFull tech treeHidden civsTurbo modeCheats
Victory
Defeat
🇩🇪 Dravidians · Germany
1364
+14
🇬🇧 Vietnamese · United Kingdom
1293
+16
🇸🇪 Vikings · Sweden
1310
-15
🇵🇹 Koreans · Portugal
1308
-15
Zyzz
8:10 Loom
10:40 Feudal Age
11:49 Double-Bit Axe
22:29 Horse Collar
asas
7:07 Loom
11:19 Feudal Age
11:45 Double-Bit Axe
12:15 Fishing Lines
14:06 Fletching
15:36 Wheelbarrow
18:28 Castle Age
19:11 Gillnets
19:41 Medium Warships
19:28 Bodkin Arrow
21:05 Bow Saw
Sheepeehs
4:46 Loom
11:14 Feudal Age
14:43 Castle Age
12:57 Double-Bit Axe
13:32 Horse Collar
15:39 Fletching
16:37 Bow Saw
16:08 Horse Collar
16:31 Bodkin Arrow
Bechti420
12:15 Feudal Age
10:32 Loom
12:18 Feudal Age
13:40 Fishing Lines
13:49 Double-Bit Axe
19:10 Castle Age
17:54 Forging
17:34 Fletching
20:38 Medium Warships
20:19 Gillnets
21:56 Clinker Construction
21:51 Siphons
22:56 Wheelbarrow
22:07 Town Watch
22:34 Bow Saw
Connection lost

Rejoining the realm…

Still unreachable

The connection could not be restored.

Session expired

The server has moved on; the page needs a fresh start.